 Dungeon Crawl Stone Soup version 0.19.4-8-ga85b6b9 (webtiles) character file.

147 bmegli the Grave Robber (level 5, -10/36 HPs)
             Began as a Demonspawn Necromancer on Feb 9, 2017.
             Killed from afar by Sigmund (11 damage)
             ... with an exploding inner flame
             ... hexed by the player character
             ... on level 2 of the Dungeon.
             The game lasted 00:14:05 (2304 turns).

bmegli the Grave Robber (Demonspawn Necromancer)    Turns: 2304, Time: 00:14:06

Health: -10/36     AC:  8    Str:  8    XL:     5   Next: 7%
Magic:  3/9        EV: 12    Int: 18    God:
Gold:   103        SH:  0    Dex: 13    Spells: 2 memorised, 5 levels left

rFire  + . .     SeeInvis .     f - +2 mace (protect)
rCold  + . .     Gourm    .     o - +1 leather armour
rNeg   . . .     Faith    .     (no shield)
rPois  +         Spirit   .     d - +0 helmet
rElec  +         Reflect  .     n - +0 cloak
rCorr  +         Harm     .     (no gloves)
MR     .....                    (no boots)
Stlth  ++........               (no amulet)
                                (no ring)
                                (no ring)

@: resistant, very slightly contaminated
A: molten scales 1, powered by pain 1
a: no special abilities


You were on level 2 of the Dungeon.
You were not hungry.

You visited 1 branch of the dungeon, and saw 2 of its levels.

You collected 103 gold pieces.

Inventory:

Hand Weapons
 f - a +2 mace of protection (weapon)
 s - a +1 hand axe of electrocution
 w - a +0 battleaxe
Armour
 a - a +0 robe
 d - a +0 helmet (worn)
 j - a +0 robe
 n - a +0 cloak (worn)
 o - a +1 leather armour (worn)
 p - a +1 hat
Jewellery
 m - an uncursed ring of protection from fire {unknown}
 q - a +2 ring of dexterity {unknown}
Scrolls
 k - a scroll of immolation
Potions
 e - a potion of flight
Books
 b - a book of Necromancy

   Spells                             Type                      Level
   a - Pain                           Necromancy                   1
   b - Animate Skeleton               Necromancy                   1
   c - Vampiric Draining              Necromancy                   3
   d - Regeneration                   Charms/Necromancy            3
   e - Animate Dead                   Necromancy                   4
   f - Control Undead                 Necromancy                   4
Comestibles
 c - 3 bread rations
 u - a slice of pizza
 v - 2 fruits


   Skills:
 + Level 0.4 Fighting
 + Level 1.5 Maces & Flails
 + Level 0.8 Armour
 + Level 2.1 Dodging
 + Level 2.5 Stealth
 + Level 2.9 Spellcasting
 + Level 5.2 Necromancy


You had 5 spell levels left.
You knew the following spells:

 Your Spells              Type           Power        Failure   Level  Hunger
a - Pain                  Necr           ###.         2%          1    None
d - Vampiric Draining     Necr           ###.......   10%         3    ###....


Dungeon Overview and Level Annotations

Branches:
Dungeon (2/15)

Altars:
Okawaru


Innate Abilities, Weirdness & Mutations

You are partially covered in molten scales. (AC +2)
You sometimes gain a little power by taking damage.


Message History

You start resting.
You feel less woody.
Your +0 cloak unmelds from your body.
Your +0 helmet unmelds from your body.
Your +1 leather armour unmelds from your body.
Something hits you.
* * * LOW HITPOINT WARNING * * *
Okay, then.
Casting: Pain
Confirm with . or Enter, or press ? or * to list all spells.
Okay, then.
Unknown command.
Casting: Pain
Confirm with . or Enter, or press ? or * to list all spells.
You can't see any susceptible monsters within range! (Use Z to cast anyway.)
Casting: Pain
Confirm with . or Enter, or press ? or * to list all spells.
Aiming: Vampiric Draining
Press: ? - help, Shift-Dir - straight line The fiery explosion engulfs you!
You resist.
You die...

#÷#...####.........##.......#.#
#........+.........+...........
###.#...####.........##.....#.#.#
.......## ....... #..#.##.#.#
###.##.# ..... #..#......# #
#.##.# ... #..####.### # #.##.#
#§# #.......# # #.##.# #§#
##.###### # #.##.##### #@# #.#
###.#......# ##.## #.#
.......###.# ##...## ###.#.####.#
#.....#####. #.....##.#
##..........
###....#.#####.########
#............# #....#.#####.#
#......# #.#


There were no monsters in sight!

Vanquished Creatures
  4 gnolls (D:2)
  7 adders (D:2)
  A dart slug (D:1)
  2 leopard geckos
  A giant cockroach (D:1)
  5 hobgoblins
  4 jackals (D:2)
  3 kobolds
  2 ball pythons (D:1)
  6 bats (D:1)
  5 frilled lizards
  3 goblins
  7 rats
50 creatures vanquished.

Notes
Turn   | Place    | Note
-------+----------+-------------------------------------------
     0 | D:1      | bmegli the Demonspawn Necromancer began the quest for the Orb.
     0 | D:1      | Reached XP level 1. HP: 13/13 MP: 3/3
   288 | D:1      | Gained mutation: You are partially covered in molten scales. (AC +2) [demonic ancestry]
   288 | D:1      | Reached XP level 2. HP: 19/19 MP: 3/5
   888 | D:1      | Reached skill level 5 in Necromancy
  1084 | D:2      | Gained mutation: You sometimes gain a little power by taking damage. [demonic ancestry]
  1084 | D:2      | Reached XP level 3. HP: 22/24 MP: 2/6
  1328 | D:2      | Reached skill level 1 in Maces & Flails
  1501 | D:2      | Learned a level 3 spell: Vampiric Draining
  1509 | D:2      | Reached XP level 4. HP: 27/30 MP: 3/7
  1635 | D:2      | Found an iron altar of Okawaru.
  2205 | D:2      | Reached XP level 5. HP: 29/35 MP: 9/9
  2247 | D:2      | Noticed Sigmund
  2302 | D:2      | HP: 1/36 [something (4)]
  2304 | D:2      | Killed Sigmund
  2304 | D:2      | Killed from afar by Sigmund

Skill      XL: |  1  2  3 |
---------------+----------+-----
Stealth        | 2 |  2.5
Necromancy     | 5 |  5.2
Dodging        | 2 |  2.1
Maces & Flails | 1 |  1.5
Fighting       | |  0.4
Armour         | |  0.8
Spellcasting   | |  2.9

Action                   |  1- 3 |  4- 6 || total
-------------------------+-------+-------++-------
Melee: Mace              |    44 |    42 ||    86
       Unarmed           |     4 |       ||     4
 Cast: Pain              |    27 |    21 ||    48
  Use: Scroll            |       |     5 ||     5
       Potion            |       |     4 ||     4
 Stab: Sleeping          |     3 |     2 ||     5
  Eat: Chunk             |     2 |     3 ||     5
Armor: Robe              |    31 |       ||    31
       Leather armour    |       |    31 ||    31
       Skin              |       |    17 ||    17
Dodge: Dodged            |    36 |    50 ||    86
